 Dungeon Crawl Stone Soup version 0.31.0-9-g3a7656b989 (webtiles) character file.

Game seed: 14674635388346297615

1051 Bnni the Cutter (level 8, -10/37 (42) HPs)
             Began as a Vine Stalker Fighter on Jan 31, 2024.
             Was an Elder of Uskayaw.
             Mangled by a wight
             ... wielding a +3 halberd
              (11 damage)
             ... on level 5 of the Dungeon.
             The game lasted 00:04:17 (3967 turns).

Bnni the Cutter (Vine Stalker Fighter)              Turns: 3967, Time: 00:04:17

HP:   -10/37 (42)   AC: 10    Str: 19    XL:     8   Next: 26%
MP:   0/11          EV:  9    Int:  8    God:    Uskayaw [****..]
Gold: 279           SH:  7    Dex: 16    Spells: 7/7 levels left

rFire   + . .        j - +1 rapier (speed)
rCold   . . .        i - +2 buckler
rNeg    . . .        r - +4 scale mail {rPois}
rPois   +            (no helmet)
rElec   .            (no cloak)
rCorr   .            (no gloves)
SInv    .            (no boots)
Will    +....        (no amulet)
Stlth   +            c - ring of protection from fire
HPRegen 1.06/turn    (no ring)
MPRegen 0.12/turn

%: guardian spirit
@: mighty, heavily drained
A: fangs 3, regeneration 1, magic shield, antimagic bite, no potion heal 2
a: Renounce Religion, Stomp, Line Pass


You were on level 5 of the Dungeon.
You worshipped Uskayaw.
Uskayaw was noncommittal.
You visited 1 branch of the dungeon, and saw 5 of its levels.

You collected 279 gold pieces.

Inventory:

Hand Weapons
 j - a +1 rapier of speed (weapon)
Armour
 i - a +2 buckler (worn)
 r - a +4 scale mail of poison resistance (worn)
Jewellery
 c - a ring of protection from fire (left hand)
Wands
 p - a wand of paralysis (5)
 q - a wand of mindburst (5)
Scrolls
 a - a scroll of vulnerability {unknown}
 b - a scroll of amnesia {unknown}
 e - 3 scrolls of identify {unknown}
 f - a scroll of immolation {unknown}
 k - a scroll of revelation {unknown}
 m - a scroll of enchant weapon {unknown}
 o - 2 scrolls of torment {unknown}
Potions
 g - 2 potions of lignification {unknown}
 h - 2 potions of haste {unknown}
 n - 2 potions of enlightenment {unknown}


   Skills:
 + Level 4.6 Fighting
 * Level 5.8 Short Blades
 - Level 2.4 Armour
 + Level 3.6 Stealth
 - Level 4.0 Shields
 + Level 3.4 Invocations


You had 7 spell levels left.
You didn't know any spells.
Your spell library was empty.

Dungeon Overview and Level Annotations

Branches:
Dungeon (5/15)
 Temple: D:4-7

Altars:
Sif Muna
Trog
Uskayaw
Vehumet


Innate Abilities, Weirdness & Mutations

You have razor-sharp teeth.
Your natural rate of healing is unusually fast.
When hurt, damage is shared between your health and your magic reserves.
Your bite disrupts and absorbs the magic of your enemies.
Potions cannot restore your health.


Message History

a +3 battleaxe; a +0 robe You hit the wight.
The wight is lightly damaged.
The wight hits you with a +1 halberd.
You feel drained. You block the wight's attack.
You are too injured to fight recklessly!
You are too injured to fight recklessly!
You are too injured to fight recklessly!
You hit the wight but do no damage. You bite the wight. You drain its power.
You feel invigorated.
The wight is moderately damaged.
You hit the wight but do no damage.
The wight is moderately damaged.
The wight is no longer sharing its pain.
You block the wight's attack. The wight hits you but does no damage.
Unknown command.
You closely miss the wight. You bite the wight, but do no damage.
The wight is moderately damaged.
The wight is no longer sharing its pain.
The wight hits you with a +1 halberd!
You feel drained.
The wight hits you from afar with a +3 halberd.
* * * LOW HITPOINT WARNING * * *
The wight hits you from afar with a +1 halberd.
* * * LOW HITPOINT WARNING * * *
You feel drained. The wight attacks as it pursues you!
The wight hits you from afar with a +1 halberd.
* * * LOW HITPOINT WARNING * * *
You feel drained. The wight attacks as it pursues you!
The wight hits you from afar with a +3 halberd.
* * * LOW HITPOINT WARNING * * *
You see here a +2 vampiric hand axe.
Okay, then.
Okay, then.
You feel very mighty all of a sudden.
The wight hits you from afar with a +1 halberd!
* * * LOW HITPOINT WARNING * * *
You feel drained.
The wight hits you from afar with a +3 halberd!
You die...

#........#
#........#
#........#
#........#
#......$.#
#........# ...#
#..zz)...#
...#######
#........#
.........#
#...@#####
.........# #....#
.........# #....#
.........+ #....#
.........# #....#
.........# #....#
###......# #....#
..#......####....#
..'..(...........#


You could see 2 wights.

Vanquished Creatures
  Eustachio (D:4)
  An ice beast (D:5)
  An ogre (D:4)
  A phantom (D:4)
  Blork the orc (D:4)
  2 scorpions
  3 wights (D:5)
  2 bombardier beetles
  A sleepcap (D:5)
  A jelly (D:3)
  Ijyb (D:4)
  An iguana (D:5)
  2 orc wizards (D:5)
  3 adders
  A ribbon worm (D:2)
  2 dart slugs
  17 orcs
  8 endoplasms
  2 giant cockroaches
  6 goblins
  7 hobgoblins
  5 kobolds
  2 quokkas (D:4)
  3 ball pythons
  4 frilled lizards
  5 rats
83 creatures vanquished.

Notes
Turn   | Place    | Note
-------+----------+-------------------------------------------
     0 | D:1      | Bnni the Vine Stalker Fighter began the quest for the Orb.
     0 | D:1      | Reached XP level 1. HP: 11/11 MP: 2/2
   196 | D:1      | Reached skill level 2 in Short Blades
   209 | D:1      | Reached XP level 2. HP: 16/16 MP: 3/3
  1279 | D:2      | Reached XP level 3. HP: 19/19 MP: 4/4
  1900 | D:3      | Reached XP level 4. HP: 24/24 MP: 5/5
  2178 | D:3      | Reached skill level 3 in Short Blades
  2255 | D:3      | Found a shimmering blue altar of Sif Muna.
  2638 | D:4      | Found a hide-covered altar of Uskayaw.
  2651 | D:4      | Became a worshipper of Uskayaw the Reveller
  2703 | D:4      | Reached * piety under Uskayaw
  2781 | D:4      | Reached XP level 5. HP: 20/28 MP: 6/6
  2795 | D:4      | Reached ** piety under Uskayaw
  2853 | D:4      | Noticed Ijyb
  2876 | D:4      | Killed Ijyb
  2917 | D:4      | Found a radiant altar of Vehumet.
  2971 | D:4      | Noticed an ogre
  2981 | D:4      | Killed an ogre
  2982 | D:4      | Reached skill level 1 in Invocations
  2982 | D:4      | Reached XP level 6. HP: 14/32 MP: 2/8
  3235 | D:4      | Noticed Blork the orc
  3256 | D:4      | Killed Blork the orc
  3256 | D:4      | Reached *** piety under Uskayaw
  3257 | D:4      | Reached skill level 4 in Short Blades
  3298 | D:4      | Found a bloodstained altar of Trog.
  3397 | D:4      | Noticed Eustachio
  3437 | D:4      | Killed Eustachio
  3438 | D:4      | Reached skill level 1 in Stealth
  3438 | D:4      | Reached XP level 7. HP: 28/37 MP: 6/9
  3642 | D:5      | Entered Level 5 of the Dungeon
  3663 | D:5      | Reached skill level 5 in Short Blades
  3857 | D:5      | Gained mutation: You have razor-sharp teeth. [Vine Stalker
                  | growth]
  3857 | D:5      | Reached XP level 8. HP: 35/42 MP: 11/11
  3857 | D:5      | Reached **** piety under Uskayaw
  3967 | D:5      | HP: 1/38 [wight/+1 halberd (8)]
  3967 | D:5      | Mangled by a wight

Illustrated notes

Levels and vault maps discovered:
D:1:      elethiomel_arrival_maze, layout_basic
D:2:      layout_basic, serial_bayou_lake_a
D:3:      layout_rooms, lemuel_round_altar, serial_co_window_serial,
          co_window_paths_b, co_window_corner_a, co_window_corner_a,
          co_window_corner_a, co_window_paths_b, co_window_corner_b,
          co_window_of_opportunity_b, co_window_corner_ca, co_window_sun,
          glass_columns_b, glass_columns_b, glass_columns_b
D:4:      layout_basic, kennysheep_mini_moat, trog_butcher_becter,
          amcnicky_altar_gilded, hex_medium, grunt_ministairs_14, uniq_ijyb,
          uniq_blork_the_orc, uniq_eustachio
D:5:      layout_gridville

Skill      XL: |  1  2  3  4  5  6  7 |
---------------+----------------------+-----
Short Blades   | 2 3 4 5 |  5.8
Shields        | 3 4 |  4.0
Fighting       | 3 4 |  4.6
Invocations    | 1 2 3 |  3.4
Stealth        | 1 3 |  3.6
Armour         | |  2.4

Action                     |  1- 3 |  4- 6 |  7- 9 || total
---------------------------+-------+-------+-------++-------
  Melee: Rapier            |    81 |       |   101 ||   182
         Bite              |    34 |    51 |    36 ||   121
         Dagger            |    38 |   201 |       ||   239
 Invoke: Line Pass         |       |     1 |       ||     1
  Evoke: Wand              |       |     2 |       ||     2
    Use: Potion            |       |       |     1 ||     1
   Stab: Paralysed         |       |       |     6 ||     6
 Armour: Scale mail        |    23 |    78 |    83 ||   184
         Plate armour      |    50 |    42 |       ||    92
  Dodge: Dodged            |    29 |    38 |    19 ||    86
  Block: Buckler           |    29 |    26 |    24 ||    79
